 Dungeon Crawl Stone Soup version 0.30-a0-830-gfe289a77b0 (webtiles) character file.

Game seed: 6350342708317461918

2 Twinkles the Sneak (level 1, -2/18 (20) HPs)
             Began as a Hill Orc Delver on Feb 28, 2023.
             Slain by a necrophage (3 damage)
             ... on level 5 of the Dungeon.
             The game lasted 00:00:35 (192 turns).

Twinkles the Sneak (Hill Orc Delver)                 Turns: 192, Time: 00:00:36

HP:   -2/18 (20)    AC:  3    Str: 14    XL:     1   Next: 30%
MP:   1/1           EV: 11    Int: 10    God:
Gold: 18            SH:  0    Dex: 12    Spells: 0/0 levels left

rFire   . . .      SeeInvis .    a - +0 hand axe
rCold   . . .      Faith    .    (no shield)
rNeg    . . .      Spirit   .    b - +0 leather armour
rPois   .          Reflect  .    (no helmet)
rElec   .          Harm     .    (no cloak)
rCorr   .          Rampage  .    (no gloves)
Will    .....                    (no boots)
Stlth   ++                       (no amulet)
HPRegen 0.23/turn                (no ring)
MPRegen 0.07/turn                (no ring)

@: heavily drained
A: no striking features
a: no special abilities


You were on level 5 of the Dungeon.
You visited 1 branch of the dungeon, and saw 1 of its levels.

You collected 18 gold pieces.

Inventory:

Hand Weapons
 a - a +0 hand axe (weapon)
Armour
 b - a +0 leather armour (worn)
Wands
 d - a wand of digging (3)
Scrolls
 E - a scroll of fear
 F - a scroll of fog
 X - a scroll of magic mapping
Potions
 H - a potion of haste


   Skills:
 + Level 3.6 Fighting
 + Level 2.7 Axes
 + Level 1.6 Dodging
 + Level 4.1 Stealth


You couldn't memorise any spells.
You didn't know any spells.
Your spell library was empty.

Dungeon Overview and Level Annotations

Branches:
Dungeon (5/15) Zot: 5805
 Temple: D:4-7

Altars:

Annotations:
D:5 3 runed translucent doors, exclusions: orc and orc wizard, sircluck's ghost, weakling GnDe


Message History

The orc wizard shouts!
The orc wizard gestures at you while chanting.
The puff of flame misses you.
You hear a shout!
You hear a shout!
A necrophage comes into view.
An orc comes into view. It is wielding a +0 whip. x2
An orc comes into view. It is wielding a +0 dagger.
The orc shouts!
An orc comes into view. It is wielding a +0 short sword.
The orc wizard casts a spell at you.
You are confused.
Found a glowing short sword.
Found a stone staircase leading up.
The orc shouts!
The orc barely misses you. The orc attacks as you move away!
The orc hits you but does no damage. The orc hits you with a +0 whip.
The orc barely misses you. The orc barely misses you.
The necrophage closely misses you.
The necrophage attacks as you move away!
The necrophage closely misses you.
Found a runed translucent gate.
You feel less confused.
The kobold shouts!
You hear a shout! x3
The orc hits you with a +0 whip. The necrophage hits you.
You feel drained. The orc attacks as you move away! The orc closely misses you.
The necrophage attacks as you move away!
The necrophage closely misses you.
The kobold shouts!
The necrophage attacks as you move away!
The necrophage hits you.
* * * LOW HITPOINT WARNING * * *
You feel drained.
* * * LOW HITPOINT WARNING * * *
The orc barely misses you.
There is a stone staircase leading up here.
The orc hits you with a +0 whip.
* * * LOW HITPOINT WARNING * * *
The necrophage hits you.
You die...

.#..+.#.# KKW+...#
.K+.#.# .......
#K#.#.######.......
##)...............
#####.................
#.....no..............
#@o...............
##oo..............
#................
.##..o......######.
#............######.
...#.#######.......#.
## #. #######.#. #.
#... .. ####


You could see a necrophage, an orc wizard, sircluck's ghost (wandering), 4 orcs
and 3 kobolds.

Vanquished Creatures
  An orc (D:5)
1 creature vanquished.

Notes
Turn   | Place    | Note
-------+----------+-------------------------------------------
     0 | D:5      | Twinkles the Hill Orc Delver began the quest for the Orb.
     0 | D:5      | Reached XP level 1. HP: 19/19 MP: 1/1
    75 | D:5      | Noticed an orc wizard
   168 | D:5      | Noticed an orc wizard
   177 | D:5      | Noticed a necrophage
   188 | D:5      | Found a runed translucent gate.
   189 | D:5      | Found a runed translucent gate.
   189 | D:5      | Noticed sircluck's ghost (weakling GnDe)
   190 | D:5      | Found a runed translucent gate.
   191 | D:5      | Noticed a kobold brigand
   191 | D:5      | HP: 3/19 [necrophage (6)]
   192 | D:5      | HP: 1/18 [orc/+0 whip (2)]
   192 | D:5      | Slain by a necrophage

Illustrated notes

Levels and vault maps discovered:
D:5:      layout_basic, gammafunk_ghost_nasty_kobolds, serial_shops,
          nicolae_shop_behind_doors, nicolae_shop_dragon_depot, uniq_sigmund

Action                     || total
---------------------------++-------
  Melee: Hand axe          ||    10
   Stab: Sleeping          ||     1
 Armour: Leather armour    ||     2
  Dodge: Dodged            ||    11

Table legend: (Time is in decaauts)
 A = Elapsed time spent in this place.
 B = Non-inter-level travel time spent in this place.
 C = Inter-level travel time spent in this place.
 D = Time resting spent in this place.
 E = Time spent auto-exploring this place.
 F = Levels seen in this place.
 G = Mean time per level.
                   A        B        C        D        E       F      G
               +--------+--------+--------+--------+--------+-----+--------+
         Total |    193 |    193 |      0 |     44 |     90 |   1 |  193.0 |
       Dungeon |    193 |    193 |      0 |     44 |     90 |   1 |  193.0 |
               +--------+--------+--------+--------+--------+-----+--------+

Top non-repeatable levels by time:
     D:5: 193 daAuts
